Cogmind - Beta 13 @@@ ROGUE MODE // 2024.03.31 @ 18:14:31 Player: SonVince Result: Destroyed by G-47 Trooper with Particle Gun Performance ------------- Evolutions (0) 0 Regions Visited (1) 200 Robots Destroyed (10) 50 Value Destroyed (249) 249 Prototype IDs (0) 0 Alien Tech Used (0) 0 Bonus (0) 0 TOTAL SCORE: 499 Bonus ------- None Cogmind --------- Core Integrity 0/250 Matter 290/300 Energy 248/250 System Corruption 0% Temperature Cool (10) Movement Walking (190) Ox1 Location -10/Materials Parts ------- > --- POWER (1) -------- Ion Engine > --- PROPULSION (2) --- Aluminum Leg > --- UTILITY (2) ------ Small Storage Unit > --- WEAPON (2) ------- Small Laser Hammer > --- INVENTORY (8) ---- Ion Engine Light Treads Light Treads Grenade Launcher Datajack Peak State ------------ > --- POWER ------------ Ion Engine > --- PROPULSION ------- Aluminum Leg Aluminum Leg > --- UTILITY ---------- Small Storage Unit Terrain Scanner > --- WEAPON ----------- EM Pulse Gun EM Pulse Gun > --- INVENTORY -------- Ion Engine Light Treads Light Treads Grenade Launcher [Rating: 7] Favorites ----------- Power Ion Engine Engine Ion Engine Propulsion Aluminum Leg Treads Light Treads Leg Aluminum Leg Utility Small Storage Unit Device Terrain Scanner Storage Small Storage Unit Weapon Hammer Energy Gun EM Pulse Gun Impact Weapon Hammer Build | -11 -10 ------- Run | Yrd Mat Slots Evolved . | . . Power . | . . Propulsion . | . . Utility . | . . Weapon . | . . Parts Attached 13 | 7 6 Power 1 | 1 . Engine 1 | 1 . Core . | . . Reactor . | . . Propulsion 3 | 3 . Treads 1 | 1 . Leg 2 | 2 . Wheel . | . . Hover . | . . Flight . | . . Utility 2 | 1 1 Device 1 | . 1 Storage 1 | 1 . Processor . | . . Hackware . | . . Protection . | . . Artifact . | . . Weapon 7 | 2 5 Energy Gun 5 | 2 3 Energy Cannon . | . . Ballistic Gun . | . . Ballistic Cannon . | . . Launcher . | . . Special Weapon . | . . Impact Weapon 2 | . 2 Slashing Weapon . | . . Piercing Weapon . | . . Special Melee Weapon . | . . Unidentified Prototypes . | . . Parts Lost 2 | . 2 Power . | . . Propulsion . | . . Utility 1 | . 1 Weapon 1 | . 1 Highest Loss Streak 2 | . 2 To Critical Strikes . | . . Average Slot Usage (%) 73 | . 73 Engine 14 | . 14 Leg 19 | . 19 Device 4 | . 4 Storage 14 | . 14 Energy Gun 12 | . 12 Impact Weapon 9 | . 9 Naked Turns . | . . Heaviest Build 15 | 14 15 Greatest Support 20 | 20 20 Greatest Overweight (x) 1 | . 1 Average Overweight (x) . | . . Largest Inventory Capacity 8 | 8 8 Average Capacity 7 | 7 8 Most Carried 7 | 6 7 Average Carried 5 | 3 5 Final Capacity 8 | 8 8 Final Carried 5 | 3 5 Class Distribution -------------------- 100% | Mutant Dominant Class ---------------- Mutant | -10/Materials Resources | -11 -10 ----------- Run | Yrd Mat Matter Collected 310 | 221 89 Remotely . | . . Salvage Created 293 | . 293 Parts 20 | . 20 Haulers Intercepted . | . . Recyclers Shooed . | . . Parts Field Recycled . | . . Retrieved Matter . | . . Parts Self-Destructed . | . . Prevented . | . . Kills | -11 -10 ------- Run | Yrd Mat Combat Hostiles Destroyed 5 | . 5 Melee 1 | . 1 Guns 2 | . 2 AOE 1 | . 1 Classes Destroyed 5 | . 5 Worker 2 | . 2 Builder 1 | . 1 Mechanic 1 | . 1 Operator 1 | . 1 Grunt 5 | . 5 Best Kill Streak 5 | . 5 Combat Bots Only 3 | . 3 Max Kills in Single Turn 3 | . 3 Gunslinging . | . . Exploded 1 | . 1 Melee 1 | . 1 Uniques/NPCs Destroyed . | . . Combat | -11 -10 -------- Run | Yrd Mat Hostile Shots Fired 31 | . 31 Missed 3 | . 3 Damage Taken 514 | . 514 Core 250 | . 250 Absorbed by Shields . | . . Core Remaining (%) 100 | 100 . Volleys Fired 23 | . 23 Largest 2 | . 2 Hottest 80 | . 80 Shots Fired 30 | . 30 Gun 30 | . 30 Cannon . | . . Launcher . | . . Special . | . . Kinetic . | . . Thermal 14 | . 14 Explosive . | . . Electromagnetic 16 | . 16 Robot Hit Streak 4 | . 4 Robot Miss Streak 3 | . 3 Penetration Max . | . . Secondary Targets 1 | . 1 Max Gunslinging Chain 1 | . 1 Shots Hit Robots 25 | . 25 Core Hits 13 | . 13 Critical Kills 1 | . 1 Critical Parts Destroyed 1 | . 1 Critical Strikes 2 | . 2 Smash 2 | . 2 Melee Attacks 22 | . 22 Impact 22 | . 22 Slashing . | . . Piercing . | . . Sneak Attacks 2 | . 2 Combat Hostiles . | . . Follow-up Attacks . | . . Damage Inflicted 633 | . 633 Guns 183 | . 183 Cannons . | . . Explosions 137 | . 137 Melee 313 | . 313 Ramming . | . . Kinetic . | . . Thermal 202 | . 202 Explosive . | . . Electromagnetic 118 | . 118 Impact 313 | . 313 Slashing . | . . Piercing . | . . Highest Corruption . | . . Average Corruption . | . . Corruption Purged . | . . Corruption Blocked . | . . Overload Shots . | . . Overflow Damage 50 | . 50 Projectiles . | . . Explosions 19 | . 19 Melee 31 | . 31 Knockbacks . | . . Impact . | . . Kinetic . | . . Secondary . | . . Self-Inflicted Damage 190 | . 190 Shots 3 | . 3 Rammed . | . . Targets Rammed . | . . Kicked . | . . Crushed . | . . Highest Temperature 222 | . 222 Average Temperature 109 | . 109 Received Heat Transfer 180 | . 180 Siege Activations . | . . Robots Corrupted . | . . Combat Hostiles . | . . Parts Fried 1 | . 1 Impact Corruptions 3 | . 3 Robots Melted . | . . Combat Hostiles . | . . Parts Melted . | . . Heat Transferred 300 | . 300 Parts Sabotaged . | . . Parts Stolen . | . . Parts Stripped . | . . Power Chain Reactions 1 | . 1 Alert | -11 -10 ------- Run | Yrd Mat Peak Influence 240 | . 240 Initial . | . . Average 63 | . 68 Maximum Alert Level 1 | . 1 Low Security (%) 91 | 100 90 Level 1 8 | . 9 Level 2 . | . . Level 3 . | . . Level 4 . | . . Level 5 . | . . High Security . | . . Max Security . | . . Squads Dispatched 1 | . 1 Investigation 1 | . 1 Extermination . | . . Reinforcement . | . . Assault . | . . Garrison . | . . Intercept . | . . Searches Triggered . | . . Construction Impeded . | . . Haulers Reinforced . | . . Active Scanning Responses . | . . Cargo Convoy Interrupts . | . . Stealth | -11 -10 --------- Run | Yrd Mat Distress Signals 1 | . 1 Communications Jammed . | . . Distress Signals . | . . Times Spotted 13 | . 13 Peak Tracking Total 3 | . 3 Tactical Retreats 1 | . 1 Traps | -11 -10 ------- Run | Yrd Mat Traps Triggered 2 | . 2 Indirectly . | . . Trap Hack Attempts . | . . Triggered . | . . Disarmed . | . . Reprogrammed . | . . Reused . | . . Traps Extracted . | . . Installed . | . . Triggered . | . . Machines | -11 -10 ---------- Run | Yrd Mat Machines Disabled 3 | . 3 Max in Single Turn 3 | . 3 Machines Repaired . | . . Machines Dismantled . | . . Machines Sabotaged . | . . Overloaded Fab Kills . | . . Hacking | -11 -10 --------- Run | Yrd Mat Machines Accessed 2 | . 2 Terminals 2 | . 2 Fabricators . | . . Repair Stations . | . . Recycling Units . | . . Scanalyzers . | . . Garrison Access . | . . Total Hacks 3 | . 3 Successful 1 | . 1 Failed 2 | . 2 Catastrophic . | . . Database Lockouts . | . . Manual . | . . Terminals 3 | . 3 Fabricators . | . . Repair Stations . | . . Recycling Units . | . . Scanalyzers . | . . Garrison Access . | . . Terminal Hacks 1 | . 1 Hauler Manifests 1 | . 1 Fabricator Hacks . | . . Repair Station Hacks . | . . Recycling Unit Hacks . | . . Scanalyzer . | . . Garrison Access Hacks . | . . Unauthorized Hacks . | . . Terminals . | . . Fabricators . | . . Repair Stations . | . . Recycling Units . | . . Scanalyzers . | . . Garrison Access . | . . Data Cores Recovered . | . . Used . | . . Hacking Detections 1 | . 1 Full Trace Events 1 | . 1 Feedback Events . | . . Feedback Blocked . | . . Robot Schematics Acquired . | . . Robots Built . | . . Authchips . | . . Time . | . . Total Robot Build Rating . | . . Part Schematics Acquired . | . . Parts Built . | . . Authchips . | . . Time . | . . Total Part Build Rating . | . . Parts Repaired . | . . Time . | . . Parts Recycled . | . . Recycled Matter . | . . Retrieved Matter . | . . Retrieved Components . | . . Parts Scanalyzed . | . . Part Schematics Acquired . | . . Parts Damaged . | . . Bothacking | -11 -10 ------------ Run | Yrd Mat Used RIF Installer . | . . Robots Hacked . | . . Non-combat . | . . Combat . | . . Robot Hacks Applied . | . . Relay Couplers Released . | . . Fabnet Peak Effective % . | . . Robots Rewired . | . . Allies Hacked . | . . Hacks Repelled . | . . Allies | -11 -10 -------- Run | Yrd Mat Total Allies . | . . Largest Group . | . . Highest-Rated Group . | . . Highest-Rated Ally . | . . Total Orders . | . . Ally Attacks . | . . Total Damage . | . . Kills . | . . Allies Corrupted . | . . Allies Melted . | . . Intel | -11 -10 ------- Run | Yrd Mat Robot Analysis Total . | . . Derelict Logs Recovered . | . . Drone Launches . | . . Drone Recoveries . | . . Exploration | -11 -10 ------------- Run | Yrd Mat Turns Passed 756 | 53 703 Spaces Moved 365 | 39 326 Core 11 | 11 . Treads . | . . Legs 354 | 28 326 Wheels . | . . Hover . | . . Flight . | . . Fastest Speed 50 | 50 120 Average Speed 149 | 100 155 Slowest Speed 190 | 120 190 Overloaded Moves . | . . Propulsion Burnouts . | . . Robots Hopped . | . . Cave-ins Triggered . | . . Exploration Rate (%) 26 | 4 49 Regions Visited 1 Branch Regions . Pre-discovered Areas . | . . Known Exits Taken . | . . Unknown Exits Taken 1 | 1 . Scrap Searched . | . . Spaces Dug 4 | . 4 Terrain Destroyed 46 | . 46 Melee 4 | . 4 Projectile . | . . AOE 42 | . 42 Terrain Rammed . | . . Walls Destroyed . | . . Machines Disabled . | . . Actions | -11 -10 --------- Run | Yrd Mat Total 506 | 51 455 Wait 72 | . 72 Move 364 | 38 326 Hop . | . . Pick Up 11 | 6 5 Fast Attach 3 | 3 . Attach 7 | 3 4 Detach 1 | . 1 Swap 3 | 1 2 Drop . | . . Fire 23 | . 23 Melee 22 | . 22 Ram . | . . Kick . | . . Crush . | . . Escape Stasis . | . . Rewire . | . . Trap . | . . Miscellaneous . | . . Route ------- -11/Scrapyard -10/Materials (discovered 1 exit: [*Min]) History --------- Turn | Location | Event 2 | -11/Scrapyard | Met Revision 17 7 | -11/Scrapyard | Discovered new exit (range 15) 54 | -11/Scrapyard | Entered Materials 296 | -10/Materials | Core integrity fell below 50% 304 | -10/Materials | Build established: Mutant 439 | -10/Materials | Core integrity fell below 20% 535 | -10/Materials | Discovered new exit (range 8) 757 | -10/Materials | Destroyed by G-47 Trooper with Particle Gun Last Messages --------------- K-01 Serf collects debris. Sneak attack on K-01 Serf. Destroyed Wheel. K-01 Serf system corrupted by crushing effect. K-01 Serf system terminally corrupted. Acquired 9 matter. W-16 Scout sends out distress signal. Destroyed Heat Sink. G-34 Mercenary system corrupted by crushing effect. G-34 Mercenary suffers critical hit (Smash). G-34 Mercenary destroyed. Acquired 34 matter. Acquired Sml. Laser. Sneak attack on M-13 Machinist. M-13 Machinist destroyed. EXIT=FOUND O-16 Technician: "IFF HANDSHAKE FAILED. SECURING TERMINAL." Destroyed Datajack. O-16 Technician destroyed. K-01 Serf cleans the Repair Station. Map ----- +----------------------------------------------------+ | #???????????# #== # | | ### #???????????######### # | | ??# +??????????????#######+######## ###### | | ??# ???????????????# #?# #????? | | ??# ???????????????# " """"" #?# ###### | | ??# ???????????????# """"""""" #?# # | | ????? ??????#????????# """ """ #?# # """ | | ???????##+???? ?# ######## #?# # """ | | ?????????????? # #######+######## # """ | | ??????????????? + + | | ????????????????# """ # """ | | ?????????????????# "R" # """ | | ?????????????????# " " ###########+####### """ | | ?????????????????# #?????# #??# | | ?????????????????# #?????# """ #??##+### | | ?????????????????# """ = #?????# """*#???# #?? | | ?????????????????# """ #?????# """%#???# #?? | | ?????????????????# """ [ #?????# ==##### #?? | | ?????????????????# ##?????# """%+= #?? | | ?????????????????# #??????# """ ### #?? | | ?????????????????# """ #??????# """ #?# #?? | | ?????????????????# """ #??????# #?# #?? | | ???????????####### """ #?###############?# #?? | | ????????? k g # """ #???????# #?? | | ????????? g # "Y" #???????# #?? | | ????????? @ #???????+ +?? | | ????????? ####### # #???????# #?? | | ?????????? ????????# ###########???????# #?? | | ?????????????????????# #?????????????????# #?? | | ?????????????????????# #?????????????????# #?? | | ?????????????????????# #?????????????????# #?? | | ?????????????????????# #?????????????????# #?? | | ?????????????????????# #?????????????????? #?? | | ????????????????????? ??????????????????? ??? | | ????????????????????? ????????????????????????? | | ????????????????????? ????????????????????????? | | ????????????????????##+##????????????????????????? | | ?????????????????????????????????????????????????? | | ?????????????????????????????????????????????????? | | ?????????????????????????????????????????????????? | | ?????????????????????????????????????????????????? | | ?????????????????????????????????????????????????? | | ?????????????????????????????????????????????????? | | ?????????????????????????????????????????????????? | | ?????????????????????????????????????????????????? | | ?????????????????????????????????????????????????? | | ?????????????????????????????????????????????????? | | ?????????????????????????????????????????????????? | | ?????????????????????????????????????????????????? | | ?????????????????????????????????????????????????? | +----------------------------------------------------+ Best States ------------- Heat Dissipation 25 Energy Generation 10 Energy Capacity 250 Matter Stores 300 Matter Capacity 300 Sight Range 16 Terrain Scan Range 14 Terrain Scan Density 10 Evasion (%) 55 Item Schematics ----------------- None Robot Schematics ------------------ None Fabricated ------------ Nothing Alien Tech Used ----------------- None Achievements -------------- None Challenges ------------ None Game ------ Seed PiercingMomentumClaws Manual? 0 Play Time 00:09:15 Cumulative 4.0 hours Start 2024.03.31 @ 18:07:23 End 2024.03.31 @ 18:14:31 Sessions 1 Manual Loads 0 Difficulty Rogue Special Mode None Game No. 9 Rogue 9 Adventurer 0 Explorer 0 Win Type - Total 0 Types 0/0/0/0/0/0/0/0/0 Lore% 5 Gallery% 8 Achievement% 10 Wizard Run 0 Options --------- Layout 0 ASCII 0 Keyboard 0 Movement Mouse Keybinds 0 Fullscreen 1 Font 24/Smallcaps Map View 56x25 Zoom Use 100% Tactical HUD 0 Map Filters NONE Filters NONE Steam 1 RUN: 5b3ef74c-6f4e-4f8b-992f-0d54d1337015